Map: Torches LE

Players

ManlyManMeat

  • Race: Protoss Protoss
  • League: Master
  • Spawn Location: 1:00

VOD

Have the link to the VOD?

Description

Time

  • Played on: June 12, 2025, 5:23 p.m.
  • Length: 21:53
Show
View Real Time Build Order
Export as new Build Order

ManlyManMeat Protoss 

Build Orders:  

Get SALT Encoding   

  12  0:02  Probe (Chrono Boost)  
  13  0:19  Probe (Chrono Boost)  
  14  0:27  Pylon  
  14  0:33  Probe (Chrono Boost)  
  15  0:49  Probe (Chrono Boost)  
  15  0:54  Gateway  
  16  1:01  Assimilator  
  16  1:13  Probe (Chrono Boost)  
  18  1:30  Probe (Chrono Boost)  
  18  1:47  Gateway, Probe (Chrono Boost)  
  19  2:04  Probe (Chrono Boost)  
  19  2:09  Cybernetics Core  
  21  2:21  Probe (Chrono Boost)  
  21  2:37  Probe (Chrono Boost)  
  21  2:38  Pylon  
  22  2:48  Pylon  
  22  2:52  Stalker  
  22  2:55  Nexus  
  24  3:17  Probe (Chrono Boost)  
  25  3:21  Assimilator  
  25  3:33  Probe (Chrono Boost)  
  25  3:34  Stalker  
  28  3:54  Twilight Council  
  28  4:07  Warp Gate  
  28  4:09  Probe (Chrono Boost)  
  29  4:12  Stalker  
  31  4:37  Probe x2 (Chrono Boost)  
  33  4:54  Probe (Chrono Boost)  
  33  4:57  Probe (Chrono Boost)  
  35  5:02  Stalker  
  38  5:11  Probe (Chrono Boost)  
  38  5:14  Probe (Chrono Boost)  
  38  5:18  Pylon  
  39  5:20  Assimilator  
  39  5:28  Probe (Chrono Boost)  
  41  5:31  Probe (Chrono Boost)  
  41  5:39  Stalker  
  43  5:54  Probe x2 (Chrono Boost)  
  43  5:58  Pylon  
  47  6:11  Probe x2 (Chrono Boost)  
  47  6:28  Probe (Chrono Boost)  
  49  6:30  Probe (Chrono Boost)  
  49  6:32  Blink  
  49  6:35  Assimilator  
  49  6:40  Probe (Chrono Boost)  
  49  6:47  Probe (Chrono Boost)  
  51  6:57  Sentry  
  51  6:59  Zealot  
  55  7:02  Nexus  
  55  7:04  Pylon, Probe (Chrono Boost)  
  55  7:08  Pylon  
  56  7:25  Assimilator  
  56  7:27  Probe x2 (Chrono Boost)  
  58  7:32  Assimilator  
  58  7:39  Shield Battery  
  58  7:42  Stalker  
  58  7:43  Stalker  
  58  7:44  Probe (Chrono Boost)  
  63  8:06  Robotics Facility  
  63  8:12  Stargate  
  63  8:25  Gateway  
  63  8:27  Phoenix, Pylon  
  63  8:32  Gateway  
  63  8:33  Gateway  
  63  8:34  Gateway  
  63  8:35  Probe (Chrono Boost)  
  63  8:36  Probe (Chrono Boost)  
  63  8:37  Gateway  
  65  8:43  Pylon  
  65  8:50  Pylon  
  65  8:52  Probe x2 (Chrono Boost)  
  67  9:11  Charge  
  67  9:14  Probe x3 (Chrono Boost)  
  70  9:25  Fleet Beacon  
  70  9:27  Dark Shrine  
  70  9:29  Observer  
  73  9:31  Probe x3 (Chrono Boost)  
  73  9:38  Oracle  
  73  9:48  Probe x3 (Chrono Boost)  
  80  10:04  Probe (Chrono Boost)  
  81  10:10  Robotics Facility  
  81  10:11  Stargate  
  84  10:20  Probe x2 (Chrono Boost)  
  84  10:21  Probe (Chrono Boost)  
  87  10:30  Oracle  
  87  10:37  Probe x2 (Chrono Boost)  
  89  10:59  Immortal  
  93  11:12  Dark Templar  
  93  11:13  Dark Templar x2  
  93  11:15  Dark Templar x4  
  107  11:20  Pylon  
  107  11:41  Carrier  
  107  11:53  Archon  
  107  11:54  Archon x2  
  107  12:00  Pylon  
  107  12:03  Pylon  
  107  12:04  Zealot x2  
  107  12:05  Zealot x5  
  107  12:07  Warp Prism  
  107  12:08  Forge  
  121  12:13  Forge  
  121  12:16  Forge  
  129  12:33  Probe x3 (Chrono Boost)  
  132  12:46  Protoss Ground Weapons Level 1  
  132  12:47  Protoss Shields Level 1  
  134  12:50  Probe x2 (Chrono Boost)  
  134  12:56  Warp Prism  
  136  13:01  Protoss Ground Armor Level 1  
  136  13:04  Carrier  
  136  13:18  Carrier, Pylon  
  136  13:21  Pylon  
  136  13:28  Unknown, Pylon  
  136  13:33  Pylon  
  136  13:35  Pylon x2  
  136  13:39  Photon Cannon  
  136  13:42  Photon Cannon  
  148  13:57  Stalker  
  148  13:58  Stalker  
  152  14:43  Nexus  
  152  15:00  Nexus  
  152  15:16  Nexus  
  152  15:26  Protoss Shields Level 2, Protoss Ground Weapons Level 2  
  152  15:30  Nexus  
  152  15:36  Protoss Ground Armor Level 2  
  152  15:54  Nexus  
  152  15:56  Pylon  
  160  16:16  Pylon  
  160  16:19  Assimilator  
  162  16:20  Probe x2 (Chrono Boost)  
  162  16:22  Pylon  
  162  16:27  Assimilator  
  162  16:37  Probe x2 (Chrono Boost)  
  164  16:40  Observer  
  164  17:04  Robotics Bay  
  164  17:06  Twilight Council  
  164  17:51  Unknown  
  164  18:43  Unknown  
  164  19:18  Templar Archives  
  164  19:51  Carrier  
  164  19:56  Assimilator  
  164  19:59  Assimilator  
  164  20:20  Colossus  
  172  21:44  Shield Battery  
Tags
 
League
Master
Matchup
Co-op
Add a new tag
Caveats
  • Supply blocks, unpowered buildings, or Contaminate may cause inaccurate times.
  • Supply counts are checked every 10 seconds.